 Dungeon Crawl Stone Soup version 0.29.1-12-g30fa7ad0bf (webtiles) character file.

Game seed: 9139671314206050550

2585 MisterFreud the Nimble (level 9, -2/41 HPs)
             Began as a Felid Berserker on Dec 29, 2022.
             Was a High Priest of Trog.
             Slain by a human
             ... wielding a +2 vorpal hand axe
              (11 damage)
             ... in a bailey.
             The game lasted 00:08:39 (9447 turns).

MisterFreud the Nimble (Felid Berserker)            Turns: 9447, Time: 00:08:40

Health: -2/41      AC:  2    Str: 13    XL:     9   Next: 32%
Magic:  10/10      EV: 28    Int:  9    God:    Trog [*****.]
Gold:   168        SH:  0    Dex: 19    Spells: 8/8 levels left
                                        Lives:  0   Deaths: 2

rFire   . . .      SeeInvis +     - Unarmed
rCold   . . .      Faith    .   (shield unavailable)
rNeg    . . .      Spirit   .   (body armour unavailable)
rPois   .          Reflect  .   (helmet unavailable)
rElec   .          Harm     .   (cloak unavailable)
rCorr   +          Rampage  .   (gloves unavailable)
Will    +....                   (boots unavailable)
Stlth   +++++.....              (no amulet)
HPRegen 0.13/turn               h - +4 ring of evasion
MPRegen 0.12/turn               l - ring of resist corrosion

@: on berserk cooldown, slowed, slow
A: very small, claws 1, fangs 3, see invisible, speed 1, shaggy fur 2, stealthy
paws, no weapons or thrown items, no armour, multi-lived
a: Renounce Religion, Berserk, Trog's Hand, Brothers in Arms


You were in a bailey.
You worshipped Trog.
Trog was extremely pleased with you.
You visited 1 branch of the dungeon, and saw 7 of its levels.
You also visited: Sewer and Bailey.

You collected 428 gold pieces.
You spent 260 gold pieces at shops.

Inventory:

Jewellery
 h - a +4 ring of evasion (left paw)
 l - a ring of resist corrosion (right paw)
 n - a ring of ice
 s - a ring of magical power
Scrolls
 o - a scroll of identify
Potions
 a - 3 potions of curing
 b - 3 potions of might {unknown}
 c - 2 potions of mutation
 d - a potion of cancellation
 e - 5 potions of heal wounds
 f - a potion of ambrosia
 g - 3 potions of brilliance
 i - 2 potions of lignification
 j - 2 potions of magic {unknown}
 k - 3 potions of haste
 p - a potion of experience {unknown}
 q - a potion of resistance {unknown}
 r - a potion of invisibility {unknown}
 t - 2 potions of attraction {unknown}


   Skills:
 - Level 6.0 Fighting
 - Level 10.0 Dodging
 - Level 10.0 Stealth
 + Level 9.2 Unarmed Combat


You had 8 spell levels left.
You didn't know any spells.
Your spell library was empty.

Dungeon Overview and Level Annotations

Branches:
Dungeon (7/15)             Temple (0/1) D:5           Sewer (visited)
 Bailey (1/1)

Altars:
Dithmenos
Trog

Shops:
D:3 (   D:4 !


Innate Abilities, Weirdness & Mutations

You have sharp claws.
You have razor-sharp teeth.
You have supernaturally acute eyesight. (SInv)
You cover ground quickly. (Speed+)
You are covered in thick fur. (AC +2)
Your paws help you pounce on unaware monsters.
You are incapable of wielding weapons or throwing items.
You cannot wear armour.
You gain extra lives every three experience levels.


Message History

You are too injured to fight recklessly!
You barely miss the human.
The human is almost dead.
You are too injured to fight recklessly!
You claw the human!
You kill the human!
Trog accepts your kill.
Your Unarmed Combat skill increases to level 9!
You are too injured to fight recklessly!
You barely miss the goblin. You bite the goblin.
You kill the goblin!
Trog accepts your kill.
You are too injured to fight recklessly!
A human comes into view. It is wielding a +2 vorpal hand axe.
The human shouts!
There is an open door, spattered with blood here.
Items here: )))))) [[[[[[ †††.
You are too injured to fight recklessly!
You feel a strong urge to attack something.
You are no longer berserk.
You are exhausted.
You feel yourself slow down.
Items here: )) [[.
Things that are here:
a +0 war axe; a +0 leather armour; an orc corpse
There is an open door, spattered with blood here.
You enter the shallow water.
Moving in this stuff is going to be slow.
As you close the door, it creaks loudly!
A human is nearby!
There is an open door, spattered with blood here.
You see here a bullfrog skeleton.
You scratch the human.
The human is lightly wounded.
The human hits you with a +2 vorpal hand axe.
* * * LOW HITPOINT WARNING * * *
x2 You barely miss the human.
You bite the human, but do no damage.
The human is lightly wounded.
The human hits you with a +2 vorpal hand axe!
You die...

##########
##...##~~~##
##...)#~~~~~#
##....)'~~~~~#####
#.....)#~~~~##...##
###....##~~~p@.∩..#
###).######.....#
##p#....+..∩..#
#......##...##
#..)..p.#####
######...# ..# .# #


You could see a human.

Vanquished Creatures
  Grinder (D:4)
  5 humans (Bailey)
  2 water moccasins
  3 orc warriors (D:5)
  2 ogres (D:4)
  A phantom (D:7)
  A necrophage (D:4)
  4 scorpions
  7 bullfrogs
  The ghost of diceflayer the Shooter, a weakling DsHu (D:4)
  4 hounds
  6 jellies
  2 quasits (D:7)
  An orc priest (D:5)
  2 iguanas
  6 orc wizards
  17 adders
  4 gnolls
  2 river rats
  4 shadow imps
  4 white imps
  7 ufetubi
  2 worms
  A dart slug (D:5)
  45 orcs
  12 endoplasms
  8 giant cockroaches
  10 goblins
  13 hobgoblins
  12 jackals
  8 kobolds
  A quokka (D:2)
  7 ball pythons
  3 bats
  13 frilled lizards
  15 rats
236 creatures vanquished.

Vanquished Creatures (others)
  7 demonic plants (D:7)
7 creatures vanquished.

Grand Total: 243 creatures vanquished

Notes
Turn   | Place    | Note
-------+----------+-------------------------------------------
     0 | D:1      | MisterFreud the Felid Berserker began the quest for the
                  | Orb.
     0 | D:1      | Reached XP level 1. HP: 10/10 MP: 2/2
    90 | D:1      | Reached skill level 1 in Stealth
    96 | D:1      | Reached XP level 2. HP: 11/14 MP: 3/3
   733 | D:1      | Reached ** piety under Trog
   734 | D:1      | Reached XP level 3. HP: 17/17 MP: 4/4
  1759 | D:2      | Reached XP level 4. HP: 15/21 MP: 5/5
  2031 | D:3      | Found a faded altar of an unknown god.
  2727 | D:3      | Reached *** piety under Trog
  2729 | D:3      | Found Toywk's Antique Weapon Shoppe.
  2788 | D:4      | Reached XP level 5. HP: 24/24 MP: 6/6
  2802 | D:4      | Reached skill level 5 in Stealth
  3080 | D:4      | Noticed an ogre
  3087 | D:4      | Killed an ogre
  3088 | D:4      | Reached skill level 5 in Unarmed Combat
  3274 | D:4      | Gained mutation: You are covered in thick fur. (AC +2)
                  | [Felid growth]
  3274 | D:4      | Reached XP level 6. HP: 27/28 MP: 7/7
  4025 | D:4      | Reached skill level 5 in Dodging
  4396 | D:4      | Found Ixkuugg's Distillery.
  4419 | D:4      | Bought a potion of haste for 130 gold pieces
  4419 | D:4      | Bought a potion of heal wounds for 65 gold pieces
  4419 | D:4      | Bought a potion of heal wounds for 65 gold pieces
  4480 | D:4      | Reached XP level 7. HP: 31/31 MP: 8/8
  4535 | D:4      | Found a runed translucent door.
  4755 | D:4      | Noticed Grinder
  4766 | D:4      | Paralysed by Grinder for 5 turns
  4769 | D:4      | HP: 1/31 [Grinder (3)]
  4771 | D:4      | Slain by Grinder
  4772 | D:4      | Reached XP level 6. HP: -5/28 MP: 7/7
  4831 | D:4      | Killed Grinder
  4903 | D:4      | Noticed diceflayer's ghost (weakling DsHu)
  4918 | D:4      | Killed diceflayer's ghost
  4919 | D:4      | Reached XP level 7. HP: 31/31 MP: 8/8
  4944 | D:5      | Entered Level 5 of the Dungeon
  5090 | D:5      | Found a staircase to the Ecumenical Temple.
  5452 | D:5      | Found a glowing drain.
  5456 | Sewer    | Entered a sewer
  5583 | Sewer    | Found a viscous altar of Jiyva.
  5827 | Sewer    | Reached **** piety under Trog
  5828 | Sewer    | Reached skill level 10 in Dodging
  6522 | D:5      | Found a runed translucent door.
  6617 | D:5      | Reached XP level 8. HP: 36/36 MP: 9/9
  7157 | D:5      | Found a bloodstained altar of Trog.
  7429 | D:5      | Reached skill level 5 in Fighting
  7459 | D:5      | Killed from afar by an orc priest
  7460 | D:5      | Reached XP level 7. HP: -3/34 MP: 8/8
  8127 | D:6      | Reached XP level 8. HP: 34/38 MP: 9/9
  8339 | D:6      | Found a shadowy altar of Dithmenos.
  8895 | D:7      | Reached ***** piety under Trog
  8923 | D:7      | Found a flagged portal.
  8964 | Bailey   | Entered a bailey
  9231 | Bailey   | Reached XP level 9. HP: 40/41 MP: 10/10
  9398 | Bailey   | Reached skill level 10 in Stealth
  9447 | Bailey   | Slain by a human

Illustrated notes

Levels and vault maps discovered:
D:1:      dpeg_arrival_snail, layout_basic
D:2:      layout_basic
D:3:      layout_rooms, serial_shops, nicolae_shop_advertising_works
          [nicolae_subvault_shop_adworks], ebering_ecumenical_altar_ruins
D:4:      layout_basic, serial_shops, shop_coins, ebering_ghost_sewer_d,
          uniq_grinder
D:5:      layout_cave_pods, mainiacjoe_overflow_concentric_impassable,
          minmay_temple_entry_butterflies, gup_sewer_entry_spiral,
          lightli_church_of_beogh
D:6:      layout_basic, nicolae_dithmenos_shadow_blocks
D:7:      layout_loops_ring, serial_demonic, serial_demonic_f, serial_demonic_g,
          serial_demonic_b, serial_demonic_d, serial_demonic_d,
          serial_demonic_b, serial_demonic_f, serial_demonic_c, enter_bailey_5,
          uniq_maggie, uniq_menkaure
Bailey:   bailey_axe_froggy_fort_hellmonk, bailey

Skill      XL: |  1  2  3  4  5  6  7  8  9 |
---------------+----------------------------+-----
Stealth        | 1 2 3 4 5 6 7 9 10 | 10.0
Unarmed Combat | 4 5 6 8 9 |  9.2
Dodging        | 8 10 | 10.0
Fighting       | 6 |  6.0

Action                   |  1- 3 |  4- 6 |  7- 9 || total
-------------------------+-------+-------+-------++-------
Melee: Unarmed           |    98 |   184 |   470 ||   752
       Bite              |    10 |    15 |    49 ||    74
       Punch             |       |     5 |    17 ||    22
Invok: Berserk           |     1 |     5 |     5 ||    11
       Trog's Hand       |       |       |     3 ||     3
  Use: Scroll            |     2 |     6 |     9 ||    17
       Potion            |       |       |     1 ||     1
 Stab: Sleeping          |     9 |     5 |    16 ||    30
       Distracted        |       |     2 |     1 ||     3
Armor: Skin              |     5 |     4 |    14 ||    23
Dodge: Dodged            |    88 |   129 |   529 ||   746
